 Dungeon Crawl Stone Soup version 0.28-a0-991-g956f0ee3d5 (webtiles) character file.

Game seed: 11976198643337330360

30 MacCMillion the Skirmisher (level 3, 17/33 HPs)
             Began as a Draconian Fighter on Dec 5, 2021.
             Quit the game on level 1 of the Dungeon.
             The game lasted 00:01:50 (539 turns).

MacCMillion the Skirmisher (Draconian Fighter)       Turns: 539, Time: 00:01:51

Health: 17/33      AC:  5    Str: 20    XL:     3   Next: 5%
Magic:  3/3        EV: 12    Int:  8    God:
Gold:   14         SH:  4    Dex: 10    Spells: 2/2 levels left

rFire   . . .      SeeInvis .   a - +0 rapier
rCold   . . .      Faith    .   b - +0 buckler
rNeg    . . .      Spirit   .   (armour unavailable)
rPois   .          Reflect  .   (helmet restricted)
rElec   .          Harm     .   (no cloak)
rCorr   .          Rampage  .   (no gloves)
Will    .....                   (no boots)
Stlth   +.........              (no amulet)
HPRegen 0.11/turn               (no ring)
MPRegen 0.08/turn               (no ring)

@: no status effects
A: AC +5, unfitting armour, cold-blooded
a: no special abilities


You were on level 1 of the Dungeon.
You visited 1 branch of the dungeon, and saw 1 of its levels.

You collected 14 gold pieces.

Inventory:

Hand Weapons
 a - a +0 rapier (weapon)
Armour
 b - a +0 buckler (worn)
Scrolls
 d - a scroll of fog {unknown}
 e - 2 scrolls of identify {unknown}
 f - 2 scrolls of enchant armour {unknown}
Potions
 c - a potion of might
 g - a potion of lignification {unknown}
 h - a potion of heal wounds {unknown}


   Skills:
 + Level 3.8 Fighting
 + Level 2.5 Short Blades
 - Level 2.6 Dodging
 + Level 3.4 Shields


You had 2 spell levels left.
You didn't know any spells.
Your spell library contained the following spells:

 Spells                   Type           Power      Damage    Failure   Level
 Animate Skeleton         Necr           0%         N/A       43%         1
 Pain                     Necr           0%         1d4       43%         1
 Passwall                 Tmut/Erth      0%         N/A       56%         2
 Swiftness                Air            0%         N/A       80%         3
 Vampiric Draining        Necr           0%         2d6       80%         3


Dungeon Overview and Level Annotations

Branches:
Dungeon (1/15)

Altars:


Innate Abilities, Weirdness & Mutations

Your plain brown scales are hard. (AC +5)
You cannot fit into any form of body armour.
You are cold-blooded and may be slowed by cold attacks.


Message History

You puncture the gnoll!
Your tail-slap misses the gnoll.
The gnoll is heavily wounded.
The gnoll hits you with a +0 spear.
You closely miss the gnoll.
The gnoll is heavily wounded.
The gnoll hits you with a +0 spear. The gnoll hits you but does no damage.
There are no items here.
You hit the gnoll but do no damage.
The gnoll is heavily wounded.
The gnoll closely misses you.
You puncture the gnoll!
You kill the gnoll!
The ball python bites you. The ball python barely misses you.
The ball python barely misses you. x2
You puncture the ball python!
You kill the ball python!
You have reached level 3!
Your experience leads to an increase in your attributes!
Increase (S)trength, (I)ntelligence, or (D)exterity?
You feel stronger. x2; Your scales feel tougher.
You hit the rat.
You kill the rat!
The kobold throws a stone.
The stone closely misses you. The kobold hits you but does no damage.
Things that are here:
a rat corpse; a ball python corpse You hit the kobold.
The kobold is heavily wounded.
The kobold misses you.
You barely miss the kobold.
The kobold is heavily wounded.
The kobold hits you with a +0 short sword.
You hit the kobold.
You kill the kobold!
Unknown command.
You closely miss the hobgoblin. The hobgoblin hits you.
Sorry, you're not good enough to have a special ability.
Unknown command.
Sorry, you're not good enough to have a special ability.
Are you sure you want to abandon this character and quit the game? (Confirm with "yes".)

####### #..# #.........# #.# #
###..# #########.# #.# #
#######....## #.....###.# #
#...........#######.###..##.#
###.#####.#...........#(#...#.###
..........#...#####...##.##......
#.........#...## #.....#.#..g#..
.....(#........#######..##.##K..#
................@gKr.)....#.#..r#
......##....#..#########..##S###r
#.....##......## ##...#.. #
..#.####.††.#.# #..#w..
###.#.........# >...# ()
................ ####.#
#####(........### .
...........#### ########...#


You could see a hobgoblin, a kobold and a rat.

Vanquished Creatures
  A gnoll (D:1)
  2 bats (D:1)
  2 endoplasms (D:1)
  2 goblins (D:1)
  A hobgoblin (D:1)
  5 ball pythons (D:1)
  2 frilled lizards (D:1)
  2 kobolds (D:1)
  3 rats (D:1)
20 creatures vanquished.

Notes
Turn   | Place    | Note
-------+----------+-------------------------------------------
     0 | D:1      | MacCMillion the Draconian Fighter began the quest for the
                  | Orb.
     0 | D:1      | Reached XP level 1. HP: 19/19 MP: 1/1
   369 | D:1      | Reached XP level 2. HP: 26/26 MP: 2/2
   532 | D:1      | Reached XP level 3. HP: 19/33 MP: 3/3
   539 | D:1      | Quit the game

Illustrated notes

Levels and vault maps discovered:
D:1:      minmay_arrival_glassed_features, layout_loops_ring,
          chequers_serial_rivers_room_a, minivault_26, minmay_vboxes

Action                   || total
-------------------------++-------
Melee: Rapier            ||    49
       Tailslap          ||     4
 Stab: Sleeping          ||     1
Armor: Skin              ||     7
Dodge: Dodged            ||    33
Block: Buckler           ||    10

Table legend: (Time is in decaauts)
 A = Elapsed time spent in this place.
 B = Non-inter-level travel time spent in this place.
 C = Inter-level travel time spent in this place.
 D = Time resting spent in this place.
 E = Time spent auto-exploring this place.
 F = Levels seen in this place.
 G = Mean time per level.
                   A        B        C        D        E       F      G
               +--------+--------+--------+--------+--------+-----+--------+
         Total |    543 |    543 |      0 |      0 |    426 |   1 |  543.0 |
       Dungeon |    543 |    543 |      0 |      0 |    426 |   1 |  543.0 |
               +--------+--------+--------+--------+--------+-----+--------+

Top non-repeatable levels by time:
     D:1: 543 daAuts
